 Dungeon Crawl Stone Soup version 0.17.1-1-g73c8601 (webtiles) character file.

325 Celerity the Grasshopper (level 6, 0/51 HPs)
             Began as a Centaur Warper on Dec 19, 2015.
             Killed from afar by Blork the orc (6 damage)
             ... with a puff of frost
             ... on level 4 of the Dungeon.
             The game lasted 00:14:15 (4827 turns).

Celerity the Grasshopper (Centaur Warper)           Turns: 4827, Time: 00:14:15

Health: 0/51       AC:  4    Str: 13    XL:     6   Next: 24%
Magic:  6/8        EV:  9    Int: 14    God:
Gold:   217        SH:  0    Dex:  9    Spells: 3 memorised, 3 levels left

rFire  . . .     SeeInvis .     a - +0 spear
rCold  . . .     Clarity  .     b - +0 leather armour
rNeg   . . .     SustAt   .     (no shield)
rPois  .         Gourm    .     (no helmet)
rElec  .         Spirit   .     (no cloak)
rCorr  +         Warding  .     (no gloves)
rMut   .         Stasis   .     (no barding)
MR     .....                    k - amulet of resist corrosion
Stlth  ..........               (no ring)
                                (no ring)

@: shrouded, very quick, not resistant to hostile enchantments, extremely
unstealthy
A: hooves 3, deformed body, speed 2, tough skin 3
a: no special abilities


You were on level 4 of the Dungeon.
You were hungry.

You visited 1 branch of the dungeon, and saw 4 of its levels.

You collected 217 gold pieces.

Inventory:

Hand Weapons
 a - a +0 spear (weapon)
Missiles
 e - 5 tomahawks of dispersal (quivered)
 h - 19 poisoned needles
 q - 8 curare-tipped needles
Armour
 b - a +0 leather armour (worn)
Jewellery
 k - an amulet of resist corrosion (around neck)
 s - an uncursed amulet of faith
Scrolls
 d - a scroll of blinking
 l - a scroll of remove curse {unknown}
 m - 3 scrolls of recharging
 u - 2 scrolls of magic mapping {unknown}
 v - a scroll of enchant armour
Potions
 g - 2 potions of cure mutation {unknown}
 n - a potion of flight
 p - a potion of degeneration
 r - a potion of cancellation
 t - a potion of berserk rage {unknown}
Books
 c - a book of Spatial Translocations

   Spells                             Type                      Level
   a - Apportation                    Translocation                1
   b - Blink                          Translocation                2
   c - Shroud of Golubria             Charms/Translocation         2
   d - Portal Projectile              Translocation                3
   e - Teleport Other                 Translocation                3
   f - Passage of Golubria            Translocation                4
Comestibles
 f - 3 bread rations
 j - 3 royal jellies


   Skills:
 - Level 3.1 Fighting
 * Level 3.9 Polearms
 - Level 1.1 Throwing
 - Level 0.6 Armour
 - Level 1.3 Dodging
 - Level 1.5 Spellcasting
 - Level 2.0 Charms
 + Level 4.2 Translocations


You had 3 spell levels left.
You knew the following spells:

 Your Spells              Type           Power        Failure   Level  Hunger
a - Apportation           Tloc           ##........   8%          1    ##.....
c - Shroud of Golubria    Chrm/Tloc      #.........   14%         2    ###....
l - Blink                 Tloc           N/A          10%         2    ###....


Dungeon Overview and Level Annotations

Branches:
Dungeon (4/15)
 Temple: D:4-7

Altars:
Gozag
Sif Muna
Xom

Annotations:
D:2 Sigmund
D:4 Blork the orc


Innate Abilities, Weirdness & Mutations

You have hooves in place of feet.
Armour fits poorly on your strangely shaped body.
You cover ground very quickly.
You have extremely tough skin (AC +3).


Message History

Blork the orc hits you with a short sword.
Casting: Shroud of Golubria
Confirm with . or Enter, or press ? or * to list all spells.
Space distorts slightly along a thin shroud covering your body.
You are feeling hungry.
Blork the orc gestures at you while chanting.
The puff of frost hits you!
* * * LOW HITPOINT WARNING * * *
Your shroud bends Blork the orc's attack away.
You hit Blork the orc but do no damage.
Blork the orc is severely wounded.
Blork the orc hits you but does no damage.
You hit Blork the orc but do no damage.
Blork the orc is severely wounded.
Blork the orc points at you and mumbles some strange words.
The puff of flame hits you!
* * * LOW HITPOINT WARNING * * *
Blork the orc gestures at you while chanting.
The puff of frost hits you!
You die...

#....<.>..#
#........##
#.......##
#.....###
##..#.#
####.# ##
#.##.#
#..o.##
#..@..#
#.......#
#.......#
#.........#
#..........#
#...........#
#...........#
#..........?.


You could see Blork the orc.

Vanquished Creatures
  A scorpion (D:4)
  3 orc wizards
  2 orc priests (D:4)
  Natasha (twice) (D:2)
  4 adders
  An adder skeleton (D:4)
  5 orcs
  6 bats
  4 hobgoblins
  3 jackals (D:1)
  2 quokkas (D:3)
  2 ball pythons
  4 giant cockroaches
  4 giant geckos
  2 giant newts
  8 goblins
  4 kobolds
  7 rats
64 creatures vanquished.

Notes
Turn   | Place    | Note
--------------------------------------------------------------
     0 | D:1      | Celerity the Centaur Warper began the quest for the Orb.
     0 | D:1      | Reached XP level 1. HP: 17/17 MP: 3/3
   107 | D:1      | Reached XP level 2. HP: 23/25 MP: 4/4
   113 | D:1      | Learned a level 2 spell: Blink
   205 | D:1      | Reached skill level 3 in Fighting
   672 | D:2      | Reached XP level 3. HP: 31/31 MP: 5/5
   676 | D:2      | Learned a level 2 spell: Shroud of Golubria
   744 | D:2      | Noticed Sigmund
  1419 | D:2      | Found an opulent altar of Gozag.
  1438 | D:2      | Noticed Natasha
  1449 | D:2      | Killed Natasha
  1449 | D:2      | Reached skill level 1 in Charms
  1449 | D:2      | Reached XP level 4. HP: 17/38 MP: 3/6
  1571 | D:2      | Noticed Natasha
  1652 | D:2      | Killed Natasha
  1680 | D:3      | Found a shimmering altar of Xom.
  2006 | D:3      | Found a faded altar to an unknown god.
  2873 | D:3      | Reached XP level 5. HP: 30/45 MP: 5/7
  3465 | D:3      | Found a faded altar to an unknown god.
  3623 | D:3      | Found a shimmering altar of Xom.
  3698 | D:4      | Noticed Blork the orc
  3936 | D:4      | Found a deep blue altar of Sif Muna.
  4462 | D:4      | Reached skill level 4 in Translocations
  4474 | D:4      | Reached XP level 6. HP: 28/51 MP: 2/8
  4827 | D:4      | Killed from afar by Blork the orc

Action                   |  1- 3 |  4- 6 || total
-------------------------+-------+-------++-------
Melee: Spear             |    99 |   272 ||   371
 Cast: Shroud of Golubri |     3 |    14 ||    17
       Blink             |     3 |     5 ||     8
  Use: Scroll            |     3 |     6 ||     9
       Potion            |       |     4 ||     4
  Eat: Chunk             |     1 |     7 ||     8
       Bread ration      |       |     1 ||     1
